 Dungeon Crawl Stone Soup version 0.30.0-30-g96aa6591b8 (webtiles) character file.

Game seed: 2971857202147103225

39 croobank the Sneak (level 3, -10/21 HPs)
             Began as an Octopode Fire Elementalist on June 26, 2023.
             Mangled by a gnoll
             ... wielding a +4 heavy flail
              (22 damage)
             ... on level 2 of the Dungeon.
             The game lasted 00:03:01 (978 turns).

croobank the Sneak (Octopode Fire Elementalist)      Turns: 978, Time: 00:03:02

Health: -10/21     AC:  1    Str: 13    XL:     3   Next: 45%
Magic:  2/6        EV: 14    Int: 19    God:
Gold:   67         SH:  0    Dex: 18    Spells: 3/6 levels left

rFire   . . .        h - +2 dagger (venom)
rCold   . . .        (no shield)
rNeg    . . .        (helmet restricted)
rPois   .            (no amulet)
rElec   .            g - +6 ring of dexterity
rCorr   .            l - +6 ring of strength
SInv    .            (no ring)
Will    .....        (no ring)
Stlth   ++++         (no ring)
HPRegen 0.23/turn    (no ring)
MPRegen 0.10/turn    (no ring)
                     (no ring)

%: no passive effects
@: very slightly contaminated
A: almost no armour, amphibious, 8 rings, camouflage 1, gelatinous body 1,
(nimble swimmer 1), tentacles
a: no special abilities


You were on level 2 of the Dungeon.
You visited 1 branch of the dungeon, and saw 2 of its levels.

You collected 67 gold pieces.

Inventory:

Hand Weapons
 h - a +2 dagger of venom (weapon)
 i - a +0 trident
Missiles
 m - 5 datura-tipped darts
Jewellery
 g - a +6 ring of dexterity (left tentacle)
 l - a +6 ring of strength (right tentacle)
Scrolls
 d - a scroll of amnesia {unknown}
 e - a scroll of noise {unknown}
 f - a scroll of vulnerability {unknown}
Potions
 a - a potion of magic
 b - a potion of heal wounds {unknown}
 c - a potion of brilliance {unknown}
 j - a potion of cancellation {unknown}
 k - a potion of haste {unknown}


   Skills:
 + Level 2.4 Dodging
 + Level 3.3 Stealth
 + Level 2.3 Spellcasting
 + Level 1.6 Conjurations
 + Level 3.3 Fire Magic


You had 3 spell levels left.
You knew the following spells:

 Your Spells              Type           Power      Damage    Failure   Level
a - Foxfire               Conj/Fire      44%        2x1d6     6%          1
b - Scorch                Fire           28%        2d6       6%          2

Your spell library contained the following spells:

 Spells                   Type           Power      Damage    Failure   Level
 Inner Flame              Hex/Fire       8%         N/A       26%         3
 Volatile Blastmotes      Fire/Tloc      16%        2d11      26%         3
 Flame Wave               Conj/Fire      11%        2d6       52%         4


Dungeon Overview and Level Annotations

Branches:
Dungeon (2/15)

Altars:


Innate Abilities, Weirdness & Mutations

You cannot wear most types of armour.
You are amphibious.
You can wear up to eight rings at the same time.
Your skin changes colour to match your surroundings (Stealth+).
Your rubbery body absorbs attacks. (AC +1, EV +1)
((You are camouflaged when in or above water. (Stealth+)))
You have tentacles for arms and can constrict up to eight enemies at once.


Message History

You climb upwards.
There is a stone staircase leading down here.
Casting: Scorch (safe; 6% risk of failure)
Confirm with . or Enter, or press ? or * to list all spells.
You don't have enough magic to cast this spell.
Casting: Scorch (safe; 6% risk of failure)
Confirm with . or Enter, or press ? or * to list all spells.
You conjure some foxfire!
The gnoll closely misses you.
You hit the gnoll.
The gnoll is poisoned.
You grab the gnoll.
The gnoll is almost dead.
You constrict the gnoll.
You kill the gnoll!
You start resting.
Your foxfire dissipates!
You start resting.
Your foxfire dissipates!
Your magical contamination has completely faded away.
Things that are here:
a +0 club; a +0 club; a gnoll corpse
There is a stone staircase leading down here.
You start resting.
HP restored.
You start resting.
Magic restored.
You climb downwards.
The gnoll closely misses you.
There is a stone staircase leading up here.
Casting: Foxfire (safe; 6% risk of failure)
Confirm with . or Enter, or press ? or * to list all spells.
Flames lash the gnoll.
The gnoll is almost dead.
The gnoll's fire resistance burns away.
The gnoll hits you with a +4 heavy flail!
Casting: Scorch (safe; 6% risk of failure)
Confirm with . or Enter, or press ? or * to list all spells.
You miscast Scorch.
You are very lightly contaminated with residual magic.
Nothing appears to happen.
The gnoll hits you with a +4 heavy flail!!
Ouch! That really hurt!
You die...

#.
#.############
#.......^.....
#......§.....
......§...#
#...#.).
#..#.##
#.....#
#g@#.##
####... ...#
.#!# .#.# .# #
.#


You could see a gnoll (combustible).

Vanquished Creatures
  3 gnolls
  A bat (D:1)
  An endoplasm (D:1)
  A goblin (D:1)
  A hobgoblin (D:1)
  2 kobolds (D:1)
  A frilled lizard (D:1)
10 creatures vanquished.

Vanquished Creatures (others)
  23 foxfires
23 creatures vanquished.

Grand Total: 33 creatures vanquished

Notes
Turn   | Place    | Note
-------+----------+-------------------------------------------
     0 | D:1      | croobank the Octopode Fire Elementalist began the quest for
                  | the Orb.
     0 | D:1      | Reached XP level 1. HP: 11/11 MP: 3/3
   447 | D:1      | Reached XP level 2. HP: 17/17 MP: 5/5
   450 | D:1      | Learned a level 2 spell: Scorch
   859 | D:1      | Reached XP level 3. HP: 18/21 MP: 0/6
   978 | D:2      | Mangled by a gnoll

Illustrated notes

Levels and vault maps discovered:
D:1:      minmay_arrival_glassed_features, layout_loops_corners
D:2:      layout_basic, chequers_ecumenical_altar_island, basic_altar,
          uniq_terence, uniq_natasha

Skill      XL: |  1  2 |
---------------+-------+-----
Stealth        | 3 |  3.3
Dodging        | |  2.4
Spellcasting   | |  2.3
Conjurations   | |  1.6
Fire Magic     | |  3.3

Action                     || total
---------------------------++-------
  Melee: Unarmed           ||     2
         Dagger            ||     5
         Constrict         ||     3
         Punch             ||     1
         Tentacles         ||     1
   Cast: Foxfire           ||    14
         Scorch            ||     3
   Stab: Sleeping          ||     1
 Armour: Skin              ||     1
  Dodge: Dodged            ||     7
